TOP OF THE 1ST |
Winnipeg Goldeyes batting - Pitching for Chester Pirates : LHP Tommy Tallent
|
Pitching: LHP Tommy Tallent
|
|
Batting: RHB Mike Berzins
|
0-0: Ball 1-0: Ball 2-0: DOUBLE (Line Drive, 5D, EV 94.4 MPH)
|
Batting: RHB Itocravo Arrochela
|
0-0: 2-RUN HOME RUN (Flyball, 9LD, EV 96.9 MPH), Distance : 355 ft
|
Batting: RHB Terry Oetker
|
0-0: SINGLE (Groundball, 6, EV 94.4 MPH)
|
Batting: RHB Yu-zeng Mai
|
0-0: Foul Ball, location: 2F 0-1: Called Strike 0-2: Foul Ball, location: 2F 0-2: Ball 1-2: Strikes out swinging
|
Batting: RHB Alejandro de Jesus
|
0-0: Called Strike 0-1: Ball 1-1: Ball 2-1: Ball 3-1: Fly out, F8 (Flyball, 89M, EV 89.4 MPH)
|
Batting: RHB Ned Scovell
|
0-0: Called Strike 0-1: Ball 1-1: Foul Ball, location: 2F 1-2: Ball 2-2: Foul Ball, location: 2F 2-2: Foul Ball, location: 2F 2-2: Ground out 1-3 (Groundball, 13, EV 67.5 MPH)
|
Top of the 1st over - 2 runs, 3 hits, 0 errors, 1 left on base; Winnipeg 2 - Chester 0 |
BOTTOM OF THE 1ST |
Chester Pirates batting - Pitching for Winnipeg Goldeyes : RHP Brian Waldrip
|
Pitching: RHP Brian Waldrip
|
|
Batting: RHB Edwardo Tanchez
|
0-0: Called Strike 0-1: Ball 1-1: Swinging Strike 1-2: Strikes out swinging
|
Batting: RHB Ryan Thurston
|
0-0: Called Strike 0-1: Ball 1-1: Foul Ball, location: 2F 1-2: Ball 2-2: Foul Ball, location: 2F 2-2: Ball 3-2: Strikes out swinging
|
Batting: RHB Zach Chmieleski
|
0-0: Foul Ball, location: 2F 0-1: Ball 1-1: Foul Ball, location: 2F 1-2: Ground out 6-3 (Groundball, P, EV 86.9 MPH)
|
Bottom of the 1st over - 0 runs, 0 hits, 0 errors, 0 left on base; Winnipeg 2 - Chester 0 |
TOP OF THE 2ND |
Winnipeg Goldeyes batting - Pitching for Chester Pirates : LHP Tommy Tallent
|
Batting: RHB Braydon Garland
|
0-0: Swinging Strike 0-1: Ball 1-1: Ball 2-1: Ball 3-1: Base on Balls
|
Batting: RHB Andy Valenzuela
|
0-0: Ball 1-0: Ball 2-0: SINGLE (Groundball, 6MD, EV 103.1 MPH) Braydon Garland to second
|
Batting: RHB Ricky Saucedo
|
0-0: Swinging Strike 0-1: Called Strike 0-2: Ball 1-2: Ball 2-2: Strikes out swinging
|
Batting: RHB Mike Berzins
|
0-0: Ball 1-0: Ball 2-0: Foul Ball, location: 2F 2-1: Ball 3-1: Called Strike 3-2: Base on Balls Braydon Garland to third Andy Valenzuela to second
|
Batting: RHB Itocravo Arrochela
|
0-0: Called Strike 0-1: Ball 1-1: Ball 2-1: Fly out, F5 (Popup, 5SF, EV 66.9 MPH)
|
Batting: RHB Terry Oetker
|
0-0: SINGLE (Groundball, 6MD, EV 95.0 MPH) Braydon Garland scores Andy Valenzuela to third Mike Berzins to second Runner from 3rd tries for Home, SAFE, throw by CF to home
|
Batting: RHB Yu-zeng Mai
|
0-0: Called Strike 0-1: Swinging Strike 0-2: Strikes out looking
|
Top of the 2nd over - 2 runs, 2 hits, 0 errors, 2 left on base; Winnipeg 4 - Chester 0 |
BOTTOM OF THE 2ND |
Chester Pirates batting - Pitching for Winnipeg Goldeyes : RHP Brian Waldrip
|
Batting: SHB Mike Corley
|
0-0: Swinging Strike 0-1: SINGLE (Line Drive, 4MD, EV 100.6 MPH)
|
Batting: LHB Dave Cook
|
0-0: Ball 1-0: Swinging Strike 1-1: Foul Ball, location: 2F 1-2: Ball 2-2: Ball 3-2: Foul Ball, location: 2F 3-2: Grounds out, U3 (Groundball, 3L, EV 104.4 MPH)
|
Batting: RHB Hugo Montemayor
|
0-0: Called Strike 0-1: SINGLE (Groundball, 34D, EV 104.4 MPH) Mike Corley to third
|
Batting: LHB Sean Driscoll
|
0-0: Foul Ball, location: 2F 0-1: Ball 1-1: SINGLE (Line Drive, 89M, EV 108.8 MPH) Mike Corley scores Hugo Montemayor to second
|
Batting: RHB Zachery Loomis
|
0-0: 3-RUN HOME RUN (Flyball, 7D, EV 100.0 MPH), Distance : 405 ft
|
Batting: RHB Joe Stepnowski
|
0-0: SOLO HOME RUN (Flyball, 78XD, EV 110.0 MPH), Distance : 433 ft
|
Batting: RHB Edwardo Tanchez
|
0-0: SINGLE (Groundball, 6M, EV 81.2 MPH) (infield hit)
|
Batting: RHB Ryan Thurston
|
0-0: Hit by Pitch Edwardo Tanchez to second
|
Batting: RHB Zach Chmieleski
|
0-0: Called Strike 0-1: Foul Ball, location: 2F 0-2: Fly out, F7 (Flyball, 78XD, EV 103.1 MPH)
|
Batting: SHB Mike Corley
|
0-0: Called Strike 0-1: Ball 1-1: Foul Ball, location: 2F 1-2: Fly out, F7 (Line Drive, 7, EV 105.6 MPH)
|
Bottom of the 2nd over - 5 runs, 6 hits, 0 errors, 2 left on base; Winnipeg 4 - Chester 5 |
TOP OF THE 3RD |
Winnipeg Goldeyes batting - Pitching for Chester Pirates : LHP Tommy Tallent
|
Batting: RHB Alejandro de Jesus
|
0-0: Fly out, F9 (Line Drive, 9S, EV 101.2 MPH)
|
Batting: RHB Ned Scovell
|
0-0: Ball 1-0: Foul Ball, location: 2F 1-1: Ball 2-1: Ball 3-1: SINGLE (Line Drive, 6M, EV 105.0 MPH)
|
Batting: RHB Braydon Garland
|
0-0: Ball 1-0: Swinging Strike 1-1: Called Strike 1-2: Strikes out looking
|
Batting: RHB Andy Valenzuela
|
0-0: Swinging Strike 0-1: Foul Ball, location: 2F 0-2: Strikes out swinging
|
Top of the 3rd over - 0 runs, 1 hit, 0 errors, 1 left on base; Winnipeg 4 - Chester 5 |
BOTTOM OF THE 3RD |
Chester Pirates batting - Pitching for Winnipeg Goldeyes : RHP Brian Waldrip
|
Batting: LHB Dave Cook
|
0-0: Called Strike 0-1: Foul Ball, location: 2F 0-2: Ball 1-2: Ball 2-2: Ball 3-2: Strikes out looking
|
Batting: RHB Hugo Montemayor
|
0-0: Called Strike 0-1: Ball 1-1: Ball 2-1: Ball 3-1: Base on Balls
|
Batting: LHB Sean Driscoll
|
0-0: Called Strike Hugo Montemayor is caught stealing 2nd base 2-6 0-1: Ground out 4-3 (Groundball, 4M, EV 86.2 MPH)
|
Bottom of the 3rd over - 0 runs, 0 hits, 0 errors, 0 left on base; Winnipeg 4 - Chester 5 |
TOP OF THE 4TH |
Winnipeg Goldeyes batting - Pitching for Chester Pirates : LHP Tommy Tallent
|
Batting: RHB Ricky Saucedo
|
0-0: Ball 1-0: Ball 2-0: Called Strike 2-1: Foul Ball, location: 2F 2-2: Reached on error, E5 (Groundball, 5, EV 92.5 MPH)
|
Batting: RHB Mike Berzins
|
0-0: Called Strike 0-1: DOUBLE (Line Drive, 7LM, EV 112.5 MPH) Ricky Saucedo scores
|
Pitching: RHP Justin Rousell
|
|
Batting: RHB Itocravo Arrochela
|
0-0: Foul Ball, location: 2F 0-1: Ball 1-1: Ball 2-1: Swinging Strike 2-2: Foul Ball, location: 2F 2-2: Foul Ball, location: 2F 2-2: Strikes out looking
|
Batting: RHB Terry Oetker
|
0-0: Ball 1-0: Ball 2-0: DOUBLE (Line Drive, 9LM, EV 113.8 MPH) Mike Berzins scores
|
Batting: RHB Yu-zeng Mai
|
0-0: Called Strike 0-1: Fly out, F7 (Flyball, 7, EV 80.0 MPH)
|
Batting: RHB Alejandro de Jesus
|
0-0: Swinging Strike 0-1: Ball 1-1: Ball 2-1: Ground out 6-3 (Groundball, 6, EV 85.0 MPH)
|
Top of the 4th over - 2 runs, 2 hits, 1 error, 1 left on base; Winnipeg 6 - Chester 5 |
BOTTOM OF THE 4TH |
Chester Pirates batting - Pitching for Winnipeg Goldeyes : RHP Brian Waldrip
|
Batting: RHB Zachery Loomis
|
0-0: Called Strike 0-1: Foul Ball, location: 2F 0-2: Strikes out looking
|
Batting: RHB Joe Stepnowski
|
0-0: Swinging Strike 0-1: SINGLE (Line Drive, 78S, EV 93.8 MPH)
|
Pitching: RHP Josh Dusek
|
|
Batting: RHB Edwardo Tanchez
|
0-0: Ball 1-0: Foul Ball, location: 2F 1-1: Ball 2-1: Swinging Strike 2-2: Grounds into double play, 6-4-3 (Groundball, 6, EV 86.2 MPH)
|
Bottom of the 4th over - 0 runs, 1 hit, 0 errors, 0 left on base; Winnipeg 6 - Chester 5 |
TOP OF THE 5TH |
Winnipeg Goldeyes batting - Pitching for Chester Pirates : RHP Justin Rousell
|
Batting: RHB Ned Scovell
|
0-0: Called Strike 0-1: SINGLE (Groundball, 56, EV 101.2 MPH) (infield hit)
|
Batting: RHB Braydon Garland
|
0-0: Ball 1-0: Swinging Strike 1-1: Ball 2-1: Foul Ball, location: 2F 2-2: Strikes out swinging
|
Batting: RHB Andy Valenzuela
|
0-0: Ball 1-0: Ball 2-0: Called Strike 2-1: Foul Ball, location: 2F 2-2: Foul Ball, location: 2F 2-2: Foul Ball, location: 2F 2-2: Strikes out looking
|
Batting: RHB Ricky Saucedo
|
0-0: Called Strike 0-1: SINGLE (Flyball, 7, EV 96.9 MPH) Ned Scovell to second
|
Batting: RHB Mike Berzins
|
0-0: Ball 1-0: Foul Ball, location: 2F 1-1: 3-RUN HOME RUN (Flyball, 7LD, EV 97.5 MPH), Distance : 363 ft
|
Pitching: RHP Justin Todorovich
|
|
Batting: RHB Itocravo Arrochela
|
0-0: Fly out, F8 (Line Drive, 8RD, EV 86.9 MPH)
|
Top of the 5th over - 3 runs, 3 hits, 0 errors, 0 left on base; Winnipeg 9 - Chester 5 |
BOTTOM OF THE 5TH |
Chester Pirates batting - Pitching for Winnipeg Goldeyes : RHP Josh Dusek
|
Batting: RHB Ryan Thurston
|
0-0: Called Strike 0-1: Foul Ball, location: 2F 0-2: Foul Ball, location: 2F 0-2: Foul Ball, location: 2F 0-2: Ball 1-2: Strikes out swinging
|
Batting: RHB Zach Chmieleski
|
0-0: Ball 1-0: Called Strike 1-1: Foul Ball, location: 2F 1-2: Foul Ball, location: 2F 1-2: Fly out, F9 (Line Drive, 9, EV 100.0 MPH)
|
Batting: SHB Mike Corley
|
0-0: Ball 1-0: Ball 2-0: Called Strike 2-1: Ground out U3 (Groundball, 34, EV 91.9 MPH)
|
Bottom of the 5th over - 0 runs, 0 hits, 0 errors, 0 left on base; Winnipeg 9 - Chester 5 |
TOP OF THE 6TH |
Winnipeg Goldeyes batting - Pitching for Chester Pirates : RHP Justin Todorovich
|
Batting: RHB Terry Oetker
|
0-0: Ball 1-0: Foul Ball, location: 2F 1-1: Foul Ball, location: 2F 1-2: Ball 2-2: Ball 3-2: SOLO HOME RUN (Flyball, 7D, EV 100.6 MPH), Distance : 386 ft
|
Batting: RHB Yu-zeng Mai
|
0-0: Ball 1-0: Fly out, F8 (Line Drive, 8LD, EV 95.6 MPH)
|
Batting: RHB Alejandro de Jesus
|
0-0: Called Strike 0-1: Ball 1-1: Ball 2-1: Ball 3-1: Foul Ball, location: 2F 3-2: Foul Ball, location: 2F 3-2: Strikes out swinging
|
Batting: RHB Ned Scovell
|
0-0: Ball 1-0: Fly out, F8 (Flyball, 8LD, EV 90.6 MPH)
|
Top of the 6th over - 1 run, 1 hit, 0 errors, 0 left on base; Winnipeg 10 - Chester 5 |
BOTTOM OF THE 6TH |
Chester Pirates batting - Pitching for Winnipeg Goldeyes : RHP Josh Dusek
|
Batting: LHB Dave Cook
|
0-0: Called Strike 0-1: Ball 1-1: Foul Ball, location: 2F 1-2: Ball 2-2: Foul Ball, location: 2F 2-2: Foul Ball, location: 2F 2-2: Foul Ball, location: 2F 2-2: Ball 3-2: Base on Balls
|
Pinch Hitting: RHB Jason Rhodes
|
0-0: Fly out, F9 (Flyball, 89M, EV 99.4 MPH)
|
Batting: LHB Sean Driscoll
|
0-0: Ball 1-0: Swinging Strike 1-1: Fly out, F6 (Popup, 6MS, EV 82.5 MPH)
|
Pinch Hitting: RHB Rafael Galicia
|
0-0: Ball 1-0: Ball 2-0: Foul Ball, location: 2F 2-1: Fielders Choice at 2nd, 6-4 (Groundball, 56, EV 81.9 MPH)
|
Bottom of the 6th over - 0 runs, 0 hits, 0 errors, 1 left on base; Winnipeg 10 - Chester 5 |
TOP OF THE 7TH |
Winnipeg Goldeyes batting - Pitching for Chester Pirates : RHP Justin Todorovich
|
Now at 2B: Rafael Galicia
|
|
Now at 3B: Jason Rhodes
|
|
Batting: RHB Braydon Garland
|
0-0: Called Strike 0-1: Fly out, F8 (Flyball, 8RM, EV 88.8 MPH)
|
Batting: RHB Andy Valenzuela
|
0-0: Ball 1-0: Foul Ball, location: 2F 1-1: Ball 2-1: Fly out, F7 (Flyball, 78S, EV 78.8 MPH)
|
Batting: RHB Ricky Saucedo
|
0-0: Foul Ball, location: 2F 0-1: Ball 1-1: Swinging Strike 1-2: Ball 2-2: Strikes out swinging
|
Top of the 7th over - 0 runs, 0 hits, 0 errors, 0 left on base; Winnipeg 10 - Chester 5 |
BOTTOM OF THE 7TH |
Chester Pirates batting - Pitching for Winnipeg Goldeyes : RHP Josh Dusek
|
Batting: RHB Joe Stepnowski
|
0-0: Fly out, F5 (Popup, 56, EV 66.2 MPH)
|
Batting: RHB Edwardo Tanchez
|
0-0: Ball 1-0: Called Strike 1-1: Ball 2-1: Ball 3-1: Foul Ball, location: 2F 3-2: Strikes out looking
|
Batting: RHB Ryan Thurston
|
0-0: Foul Ball, location: 2F 0-1: Ball 1-1: Foul Ball, location: 2F 1-2: Ball 2-2: SINGLE (Flyball, 3D, EV 93.1 MPH)
|
Pitching: RHP Ryan Kraemer
|
|
Batting: RHB Zach Chmieleski
|
0-0: Ball Ryan Thurston is caught stealing 2nd base 2-4
|
Bottom of the 7th over - 0 runs, 1 hit, 0 errors, 0 left on base; Winnipeg 10 - Chester 5 |
TOP OF THE 8TH |
Winnipeg Goldeyes batting - Pitching for Chester Pirates : RHP Justin Todorovich
|
Batting: RHB Mike Berzins
|
0-0: Called Strike 0-1: Ball 1-1: Ball 2-1: Ball 3-1: Base on Balls
|
Batting: RHB Itocravo Arrochela
|
0-0: Called Strike 0-1: Ball 1-1: 2-RUN HOME RUN (Flyball, 7LD, EV 93.8 MPH), Distance : 362 ft
|
Pinch Hitting: RHB Gary Smith
|
0-0: Ball 1-0: Foul Ball, location: 2F 1-1: Foul Ball, location: 2F 1-2: Strikes out swinging
|
Pinch Hitting: SHB Andy Ehrsam
|
0-0: Called Strike 0-1: Foul Ball, location: 2F 0-2: Strikes out swinging
|
Pinch Hitting: RHB Juan Palma
|
0-0: Ball 1-0: Ball 2-0: Ground out 1-3 (Groundball, 13, EV 75.6 MPH)
|
Top of the 8th over - 2 runs, 1 hit, 0 errors, 0 left on base; Winnipeg 12 - Chester 5 |
BOTTOM OF THE 8TH |
Chester Pirates batting - Pitching for Winnipeg Goldeyes : RHP Ryan Kraemer
|
Now at 1B: Mike Ricker
|
|
Now at 3B: Gary Smith
|
|
Now in LF: Andy Ehrsam
|
|
Pinch Hitting: LHB Damien Cohen
|
0-0: Foul Ball, location: 2F 0-1: Fly out, F8 (Line Drive, 8LD, EV 98.1 MPH)
|
Pinch Hitting: RHB Dustin Hamblin
|
0-0: Called Strike 0-1: Swinging Strike 0-2: Foul Ball, location: 2F 0-2: Ball 1-2: Ball 2-2: Ground out 5-3 (Groundball, 5, EV 101.9 MPH)
|
Batting: LHB Dave Cook
|
0-0: Hit by Pitch
|
Batting: RHB Jason Rhodes
|
0-0: Ball 1-0: Swinging Strike 1-1: Ball 2-1: Called Strike 2-2: Ball 3-2: Fly out, F8 (Flyball, 8RM, EV 85.6 MPH)
|
Bottom of the 8th over - 0 runs, 0 hits, 0 errors, 1 left on base; Winnipeg 12 - Chester 5 |
TOP OF THE 9TH |
Winnipeg Goldeyes batting - Pitching for Chester Pirates : RHP Justin Todorovich
|
Now at 1B: Damien Cohen
|
|
Now in RF: Dustin Hamblin
|
|
Batting: RHB Ned Scovell
|
0-0: Called Strike 0-1: Ground out 6-3 (Groundball, 6, EV 106.9 MPH)
|
Batting: RHB Braydon Garland
|
0-0: Foul Ball, location: 2F 0-1: Swinging Strike 0-2: Strikes out looking
|
Batting: RHB Andy Valenzuela
|
0-0: Ball 1-0: Ball 2-0: Foul Ball, location: 2F 2-1: Ball 3-1: Foul Ball, location: 2F 3-2: Base on Balls
|
Pinch Hitting: LHB Dave Bertheau
|
0-0: Ball 1-0: Foul Ball, location: 2F 1-1: Ball 2-1: Ball 3-1: Base on Balls Andy Valenzuela to second
|
Pitching: RHP Yong-taek Hoang
|
|
Batting: RHB Mike Berzins
|
0-0: Foul Ball, location: 2F 0-1: Ball 1-1: Swinging Strike 1-2: Foul Ball, location: 2F 1-2: Foul Ball, location: 2F 1-2: Ball 2-2: Foul Ball, location: 2F 2-2: Ball 3-2: Foul Ball, location: 2F 3-2: Strikes out swinging
|
Top of the 9th over - 0 runs, 0 hits, 0 errors, 2 left on base; Winnipeg 12 - Chester 5 |
BOTTOM OF THE 9TH |
Chester Pirates batting - Pitching for Winnipeg Goldeyes : RHP Ryan Kraemer
|
Now at C: Tim Wilton
|
|
Batting: RHB Oscar Mora
|
0-0: Called Strike 0-1: Swinging Strike 0-2: Strikes out swinging
|
Batting: RHB Rafael Galicia
|
0-0: Ball 1-0: Swinging Strike 1-1: Fly out, F8 (Flyball, 8LXD, EV 90.0 MPH)
|
Pinch Hitting: RHB Matt Derrien
|
0-0: Ball 1-0: Ball 2-0: Ball 3-0: Called Strike 3-1: Base on Balls
|
Batting: RHB Edwardo Tanchez
|
0-0: Reached on error, E6 (Groundball, 6, EV 86.9 MPH) Matt Derrien to second
|
Batting: RHB Ryan Thurston
|
0-0: Foul Ball, location: 2F 0-1: DOUBLE (Line Drive, 9LS, EV 102.5 MPH) Matt Derrien scores Edwardo Tanchez to third
|
Batting: LHB Damien Cohen
|
0-0: Fly out, F8 (Flyball, 8RM, EV 88.1 MPH)
|
Bottom of the 9th over - 1 run, 1 hit, 1 error, 2 left on base; Winnipeg 12 - Chester 6 |
|